 Dungeon Crawl Stone Soup version 0.20-a0-1122-gb7cbeb9 (webtiles) character file.

4526 Hook the Magician (level 10, -5/49 HPs)
             Began as a Vine Stalker Skald on May 14, 2017.
             Was a Believer of Hepliaklqana.
             Slain by a yak (8 damage)
             ... on level 9 of the Dungeon.
             The game lasted 00:44:31 (8785 turns).

Hook the Magician (Vine Stalker Skald)              Turns: 8785, Time: 00:44:31

Health: -5/49      AC:  5    Str: 16    XL:     10   Next: 39%
Magic:  0/22       EV: 15    Int: 13    God:    Hepliaklqana [**....]
Gold:   351        SH:  0    Dex: 15    Spells: 12/24 levels left

rFire    + . .     SeeInvis .   a - +0 spear
rCold    . . .     Gourm    .   (no shield)
rNeg     . . .     Faith    .   b - +2 leather armour
rPois    .         Spirit   +   (no helmet)
rElec    .         Reflect  .   (no cloak)
rCorr    .         Harm     .   (no gloves)
MR       +....                  (no boots)
Stlth    +.........             (no amulet)
Regen    0.6/turn               o - ring of protection from fire
MPRegen  0.2/turn               t - ring of flight

@: infused (expiring), singing
A: reduced essence, fangs 3, regeneration 1, magic shield, antimagic bite, no
potion heal 3, rot immunity
a: Recall Ancestor, Ancestor Identity, Renounce Religion, Evoke Flight


You were on level 9 of the Dungeon.
You worshipped Hepliaklqana.
Hepliaklqana was pleased with you.
You were not hungry.

You visited 2 branches of the dungeon, and saw 10 of its levels.

You collected 351 gold pieces.

Inventory:

Hand Weapons
 a - a +0 spear (weapon)
Missiles
 f - 6 tomahawks (quivered)
 H - 2 steel javelins
Armour
 b - a +2 leather armour (worn)
Jewellery
 o - a ring of protection from fire (left hand)
 t - a ring of flight (right hand)
 J - an uncursed ring of protection from cold {unknown}
Scrolls
 h - 2 scrolls of immolation
 j - a scroll of fog {unknown}
 l - 8 scrolls of teleportation
 r - 3 scrolls of remove curse
 w - 2 scrolls of recharging
 x - 3 scrolls of identify
 y - 2 scrolls of enchant weapon {unknown}
 z - a scroll of magic mapping {unknown}
 A - a scroll of random uselessness {unknown}
 I - a scroll of fear {unknown}
 K - a scroll of noise {unknown}
Potions
 e - a potion of invisibility {unknown}
 i - a potion of mutation
 k - 3 potions of curing
 m - a potion of might {unknown}
 n - a potion of flight {unknown}
 p - 2 potions of heal wounds {unknown}
 q - a potion of cancellation {unknown}
 s - 2 potions of degeneration {unknown}
 u - a potion of agility
 v - a potion of ambrosia {unknown}
 B - 2 potions of brilliance {unknown}
 C - a potion of lignification {unknown}
 E - a potion of magic {unknown}
 F - 2 potions of haste {unknown}
Books
 c - a book of Battle

   Spells                             Type                      Level
   a - Infusion                       Charms                       1
   b - Shroud of Golubria             Charms/Translocation         2
   c - Song of Slaying                Charms                       2
   d - Spectral Weapon                Hexes/Charms                 3
   e - Regeneration                   Charms/Necromancy            3
 D - a book of Cantrips

   Spells                             Type                      Level
   a - Confusing Touch                Hexes                        1
   b - Animate Skeleton               Necromancy                   1
   c - Summon Small Mammal            Summoning                    1
   d - Apportation                    Translocation                1
Comestibles
 d - 5 bread rations
 g - 8 meat rations
 G - 8 fruits


   Skills:
 * Level 7.1 Fighting
 + Level 5.1 Polearms
 - Level 1.0 Armour
 * Level 6.2 Dodging
 * Level 7.8 Spellcasting
 + Level 6.0 Charms


You had 12 spell levels left.
You knew the following spells:

 Your Spells              Type           Power        Failure   Level  Hunger
a - Infusion              Chrm           ###.         1%          1    None
b - Song of Slaying       Chrm           ###.....     1%          2    None
c - Shroud of Golubria    Chrm/Tloc      ##........   8%          2    None
d - Regeneration          Chrm/Necr      ##........   14%         3    ##.....
e - Spectral Weapon       Hex/Chrm       ##......     14%         3    ##.....
f - Animate Skeleton      Necr           N/A          17%         1    None


Dungeon Overview and Level Annotations

Branches:
Dungeon (9/15)             Temple (1/1) D:5
   Lair: D:8-11         Orc: D:9-12

Altars:
Ashenzari
Cheibriados
Dithmenos
Elyvilon
Fedhas
Gozag
Hepliaklqana
Kikubaaqudgha
Makhleb
Nemelex Xobeh
Okawaru
Qazlal
Ru
Sif Muna
Trog
Uskayaw
Vehumet
Wu Jian
Xom
Yredelemnul
Zin
The Shining One

Annotations:
D:4 Sigmund
D:8 Leszczynek's ghost, novice TeWn


Innate Abilities, Weirdness & Mutations

You have razor-sharp teeth.
Your natural rate of healing is unusually fast.
When hurt, damage is shared between your health and your magic reserves.
Your bite disrupts and absorbs the magic of your enemies.
Potions cannot restore your health.
You are immune to rotting.
Your life essence is reduced. (-10% HP)


Message History

The yak completely misses you. The yak gores you!
* * * LOW HITPOINT WARNING * * *
You barely miss the adder. Your bite misses the adder.
The adder is heavily wounded.
John hits the yak with a flail!
The yak gores you.
* * * LOW HITPOINT WARNING * * *
The adder misses you.
You hit the adder!
You kill the adder!
Your magical infusion is running out.
The yak misses you. The yak closely misses you. The orc misses you.
The yak misses you.
John hits the yak with a flail.
You feel sick. The yak barely misses you. The yak gores you!
* * * LOW HITPOINT WARNING * * *
The yak closely misses you.
John hits the yak but does no damage.
The yak gores you but does no damage. The yak closely misses you.
Unknown command.
Your system rejects the healing.
You feel better.
John closely misses the yak.
The yak closely misses you. The yak gores you!
You die...

########### #
########......$...
#.#........#.....(..
#.#.....<...##.....
#.......†...#.#..
.#.@†R......#.#
#YYY........#
#.o.......†.#.#
#............#
#.............#
#######..........
#.......(...
#.......##..
##.....#.# .


You could see the friendly John the knight, 3 yaks and an orc.

Vanquished Creatures
  2 hornets
  A yak (D:7)
  A water moccasin (D:7)
  2 orc warriors
  A sky beast (D:5)
  A phantom (D:6)
  4 centaurs
  An ogre (D:7)
  7 bullfrogs
  3 scorpions
  6 killer bees
  2 howler monkeys
  3 crimson imps
  2 bullfrog zombies
  A hound (D:5)
  A gnoll shaman (D:6)
  A jelly (D:9)
  A quasit (D:6)
  A bullfrog skeleton (D:6)
  2 centaur skeletons (D:5)
  An orc priest (D:7)
  An iguana (D:4)
  2 orc wizards (D:6)
  4 worker ants
  A worker ant zombie (D:6)
  14 gnolls
  8 adders
  A shadow imp (D:5)
  2 oozes
  A dart slug (D:2)
  5 worms
  5 leopard geckos
  25 orcs
  3 ball pythons
  3 giant cockroaches
  7 goblins
  14 hobgoblins
  7 jackals (D:1)
  5 quokkas
  10 bats
  4 frilled lizards
  A jackal zombie (D:7)
  8 kobolds
  A leopard gecko skeleton (D:8)
  A quokka skeleton (D:5)
  5 rats
182 creatures vanquished.

Vanquished Creatures (collateral kills)
  A two-headed ogre (D:8)
  A yak (D:9)
  An ice beast (D:6)
  A sky beast (D:8)
  A bullfrog (D:6)
  2 scorpions
  A crimson imp (D:6)
  A gnoll shaman (D:7)
  An orc wizard (D:8)
  A hound zombie (D:6)
  A worker ant zombie (D:6)
  3 gnolls
  2 orcs
  A giant cockroach (D:6)
  A quokka (D:7)
  A ball python (D:6)
20 creatures vanquished.

Vanquished Creatures (others)
  9 ancestors
  2 spectral weapons (D:8)
11 creatures vanquished.

Grand Total: 213 creatures vanquished

Notes
Turn   | Place    | Note
-------+----------+-------------------------------------------
     0 | D:1      | Hook the Vine Stalker Skald began the quest for the Orb.
     0 | D:1      | Reached XP level 1. HP: 11/11 MP: 4/4
    49 | D:1      | Reached skill level 1 in Armour
    65 | D:1      | Reached XP level 2. HP: 13/15 MP: 0/6
   132 | D:1      | Learned a level 2 spell: Song of Slaying
   716 | D:1      | Reached XP level 3. HP: 14/18 MP: 7/7
  1895 | D:2      | Found a glowing silver altar of Zin.
  1917 | D:2      | Gained mutation: Your natural rate of healing is unusually fast. [Vine Stalker growth]
  1917 | D:2      | Reached XP level 4. HP: 20/23 MP: 9/9
  1958 | D:2      | Learned a level 2 spell: Shroud of Golubria
  2833 | D:3      | Found a bloodstained altar of Trog.
  2836 | D:3      | Found a radiant altar of Vehumet.
  2839 | D:3      | Found a shadowy altar of Dithmenos.
  3081 | D:3      | Reached XP level 5. HP: 28/28 MP: 4/10
  3843 | D:4      | Found a white marble altar of Elyvilon.
  3853 | D:4      | Noticed Sigmund
  4115 | D:5      | Entered Level 5 of the Dungeon
  4204 | D:5      | Reached XP level 6. HP: 21/32 MP: 7/12
  4486 | D:5      | Found a staircase to the Ecumenical Temple.
  4498 | Temple   | Entered the Ecumenical Temple
  4576 | Temple   | Became a worshipper of Hepliaklqana the Forgotten
  4900 | D:5      | Noticed a sky beast
  4985 | D:5      | Killed a sky beast
  5144 | D:5      | Reached XP level 7. HP: 15/33 MP: 8/14
  5572 | D:5      | Learned a level 3 spell: Regeneration
  5776 | D:6      | Gained mutation: You have razor-sharp teeth. [Vine Stalker growth]
  5776 | D:6      | Reached XP level 8. HP: 37/37 MP: 16/16
  5832 | D:6      | Reached skill level 5 in Spellcasting
  6042 | D:6      | Reached skill level 5 in Fighting
  6447 | D:6      | Reached * piety under Hepliaklqana
  6454 | D:6      | Learned a level 3 spell: Spectral Weapon
  6628 | D:6      | Reached XP level 9. HP: 40/42 MP: 19/19
  6833 | D:7      | Reached skill level 5 in Charms
  7147 | D:7      | Reached skill level 5 in Dodging
  7619 | D:7      | Learned a level 1 spell: Animate Skeleton
  8023 | D:8      | Noticed a hornet
  8023 | D:8      | Noticed a two-headed ogre
  8029 | D:7      | Paralysed by a hornet for 1 turns
  8035 | D:7      | HP: 1/44 [poisoned by a hornet]
  8039 | D:7      | Killed a hornet
  8175 | D:8      | Killed a two-headed ogre
  8175 | D:8      | Reached XP level 10. HP: 23/47 MP: 11/22
  8252 | D:8      | Reached skill level 5 in Polearms
  8255 | D:8      | Found a basalt altar of Yredelemnul.
  8403 | D:8      | Reached ** piety under Hepliaklqana
  8404 | D:8      | Remembered your ancestor John as a knight
  8571 | D:8      | Noticed Leszczynek's ghost (novice TeWn)
  8783 | D:9      | HP: 2/49 [yak (9)]
  8785 | D:9      | Slain by a yak

Vault maps used:
D:1:      evilmike_arrival_crescent
D:2:      zin_academy
D:3:      grunt_temple_overflow_diamond, first_bread, kennysheep_generic_room_2
D:4:      old_standard_altar, uniq_sigmund
D:5:      temple_green
D:7:      kb_rosetta
D:8:      lemuel_crystal_altar, blue_anna_alchemist
D:9:      minmay_shrinking_squares, minmay_misc_feat_secret_circle,
          kennysheep_generic_room_8
Temple:   eino_temple_scatter_basement

Skill      XL: |  1  2  3  4  5  6  7  8  9 10 |
---------------+-------------------------------+-----
Armour         | 1 |  1.0
Polearms       | 2 3 4 5 |  5.1
Fighting       | 2 3 4 5 6 7 |  7.1
Spellcasting   | 3 4 6 7 |  7.8
Dodging        | 2 3 4 5 6 |  6.2
Charms         | 4 5 6 |  6.0

Action                   |  1- 3 |  4- 6 |  7- 9 | 10-12 || total
-------------------------+-------+-------+-------+-------++-------
Melee: Spear             |   132 |   269 |   439 |    80 ||   920
       Bite              |    22 |    57 |   142 |    20 ||   241
       Halberd           |       |       |    19 |       ||    19
Throw: Stone             |    17 |    10 |       |       ||    27
       Tomahawk          |       |       |    15 |     3 ||    18
       Javelin           |       |       |     3 |       ||     3
 Cast: Infusion          |    11 |    13 |    13 |     4 ||    41
       Song of Slaying   |     1 |     5 |     5 |     1 ||    12
       Shroud of Golubri |       |       |     4 |       ||     4
       Regeneration      |       |       |     2 |       ||     2
       Spectral Weapon   |       |       |     2 |     1 ||     3
Invok: Ancestor Identity |       |     1 |       |       ||     1
       Recall Ancestor   |       |       |     1 |     1 ||     2
       Ancestor Life: Kn |       |       |       |     1 ||     1
  Use: Scroll            |     1 |     6 |     8 |       ||    15
       Potion            |       |       |     4 |     2 ||     6
 Stab: Distracted        |     1 |     1 |     3 |       ||     5
       Sleeping          |     1 |       |       |       ||     1
  Eat: Chunk             |     2 |     5 |     3 |       ||    10
       Fruit             |     2 |     4 |       |       ||     6
       Bread ration      |       |     1 |     2 |       ||     3
Armor: Leather armour    |    19 |    43 |    65 |    11 ||   138
Dodge: Dodged            |    56 |   125 |   317 |    60 ||   558
